 Dungeon Crawl Stone Soup version 0.21-a0-297-ga3d34c2 (webtiles) character file.

4 motkurip the Stinger (level 1, -2/13 HPs)
             Began as a Barachi Venom Mage on Sept 28, 2017.
             Slain by a goblin
             ... wielding a +0 club
              (3 damage)
             ... on level 1 of the Dungeon.
             The game lasted 00:00:40 (128 turns).

motkurip the Stinger (Barachi Venom Mage)            Turns: 128, Time: 00:00:40

Health: -2/13      AC:  2    Str:  9    XL:     1   Next: 60%
Magic:  3/3        EV: 12    Int: 15    God:
Gold:   0          SH:  0    Dex: 12    Spells: 3/4 levels left

rFire    . . .     SeeInvis .   d - -3 spear (curse)
rCold    . . .     Gourm    .   (no shield)
rNeg     . . .     Faith    .   a - +0 robe
rPois    .         Spirit   .   (no helmet)
rElec    .         Reflect  .   (no cloak)
rCorr    .         Harm     .   (no gloves)
MR       .....                  (no boots)
Stlth    ++........             (no amulet)
HPRegen  0.04/turn              (no ring)
MPRegen  0.08/turn              (no ring)

@: slow
A: +LOS, swims, slowness 1, strong legs 1
a: Hop


You were on level 1 of the Dungeon.
You were not hungry.

You visited 1 branch of the dungeon, and saw 1 of its levels.

Inventory:

Hand Weapons
 d - a cursed -3 spear (weapon)
Armour
 a - a +0 robe (worn)
Books
 b - a Young Poisoner's Handbook

   Spells                             Type                      Level
   a - Sting                          Conjuration/Poison           1
   b - Poisonous Vapours              Poison/Air                   2
   c - Mephitic Cloud                 Conjuration/Poison/Air       3
   d - Olgreb's Toxic Radiance        Poison                       4
   e - Venom Bolt                     Conjuration/Poison           5
Comestibles
 c - a bread ration


   Skills:
 - Level 2.1 Dodging
 - Level 1.7 Stealth
 - Level 2.1 Spellcasting
 - Level 1.1 Conjurations
 + Level 3.6 Poison Magic


You had 3 spell levels left.
You knew the following spells:

 Your Spells              Type           Power        Failure   Level  Hunger
a - Sting                 Conj/Pois      #...         9%          1    #......


Dungeon Overview and Level Annotations

Branches:
Dungeon (1/15)

Altars:


Innate Abilities, Weirdness & Mutations

Shadows flee at your approach. (+LOS)
You can swim through water.
You cover ground slowly.
You can hop short distances.


Message History

The bat hits you but does no damage. The bat closely misses you.
The goblin shouts!
The bat hits you.
* * * LOW HITPOINT WARNING * * *
The bat misses you. The bat closely misses you. The bat barely misses you.
The goblin drinks a potion.
The goblin seems to grow stronger.
The bat hits you but does no damage. The goblin closely misses you.
The bat misses you. The bat closely misses you.
The goblin hits you but does no damage.
The bat closely misses you. x2; The goblin hits you but does no damage.
The bat hits you but does no damage. The bat barely misses you.
The goblin hits you but does no damage. The bat barely misses you.
The bat hits you.
* * * LOW HITPOINT WARNING * * *
The goblin hits you with a club.
* * * LOW HITPOINT WARNING * * *
The bat barely misses you. The goblin misses you. The rat closely misses you.
The bat barely misses you. The goblin hits you with a club.
You die...

..8# ...# .. ####
####### .... #.....#
.... #...).# .....
.....####....(
............
##############..b.......
#..............@....#
#.###########..gr...#
#.######### #.......#
#.........# #.#'##....#
#########.# #.#.# .>#.#
## . #.# #.#.# ......#
.# #.# #.#.# ..##.### ..
#.# #.#.####..# ... ..#
#.# #...... .# ..#


You could see a goblin, a bat and a rat.

Vanquished Creatures
  A goblin (D:1)
  A kobold (D:1)
  3 rats (D:1)
5 creatures vanquished.

Notes
Turn   | Place    | Note
-------+----------+-------------------------------------------
     0 | D:1      | motkurip the Barachi Venom Mage began the quest for the Orb.
     0 | D:1      | Reached XP level 1. HP: 13/13 MP: 3/3
   128 | D:1      | Slain by a goblin

Vault maps used:
D:1:      elethiomel_arrival_quiet, minmay_octomino_c4

Action                   || total
-------------------------++-------
Melee: Unarmed           ||    13
       Spear             ||    12
 Cast: Sting             ||     5
 Stab: Sleeping          ||     1
Armor: Robe              ||    16
Dodge: Dodged            ||    42

Table legend:
 A = Spawn XP
 B = Non-spawn XP
 C = Spawn XP percentage of total XP
 D = Spawn monster count
 E = Non-spawn monster count
 F = Spawn count percentage of total count
 G = Total turns spent on level
                    A         B        C        D         E        F      G
               +---------+---------+-------+---------+---------+-------+---------
         Total |       0 |       6 |   0.0 |       0 |       5 |   0.0 |   128
               +---------+---------+-------+---------+---------+-------+---------
           D:1 |       0 |       6 |   0.0 |       0 |       5 |   0.0 |   128
               +---------+---------+-------+---------+---------+-------+---------
